 Dungeon Crawl Stone Soup version 0.21.1-1-g345015f (webtiles) character file.

51012 tidbits the Martial Artist (level 14, 0/108 HPs)
             Began as a Gnoll Transmuter on Feb 14, 2018.
             Was a High Priest of Cheibriados.
             Slain by a peacekeeper (10 damage)
             ... in the Desolation of Salt.
             The game lasted 01:46:24 (5532 turns).

tidbits the Martial Artist (Gnoll Transmuter)       Turns: 5532, Time: 01:46:25

Health: 0/108      AC: 13    Str: 26    XL:     14   Next: 57%
Magic:  5/28       EV: 28    Int: 31    God:    Cheibriados [*****.]
Gold:   217        SH:  0    Dex: 28    Spells: 4/33 levels left

rFire    + + .     SeeInvis .     - Unarmed
rCold    . . .     Gourm    .   (shield currently unavailable)
rNeg     + + .     Faith    .   B - +0 troll leather armour
rPois    +         Spirit   .   E - +0 helmet
rElec    .         Reflect  .   C - +2 cloak {rPois}
rCorr    +         Harm     .   (gloves currently unavailable)
MR       +++..                  (no boots)
Stlth    ++++++....             J - macabre finger necklace {rN+}
HPRegen  0.68/turn              U - +3 ring of protection
MPRegen  0.21/turn              W - ring of wizardry
                                m - ring of Bumaror {rCorr rF++ rN+ Dex-4}

@: agile, blade hands, barbed spikes, very slightly contaminated, very slow
A: distributed training, fangs 1, magic resistance 2, strong 1, strong nose
a: End Transformation, Bend Time, Temporal Distortion, Slouch, Step From Time,
Renounce Religion


You were in the Desolation of Salt.
You worshipped Cheibriados.
Cheibriados was extremely pleased with you.
You were not hungry.
You had blades for hands.
You visited 4 branches of the dungeon, and saw 19 of its levels.
You also visited: Ossuary and Desolation.

You collected 1217 gold pieces.
You spent 1000 gold pieces at shops.

Inventory:

Hand Weapons
 a - the +8 dagger "Fyavoihy" (melded) {drain, rN+ MR+ Dex+3}
   (You found it on level 6 of the Dungeon)

   A truly terrible weapon, it drains the life of those it strikes.
   It affects your dexterity (+3).
   It protects you from negative energy.
   It affects your resistance to hostile enchantments.
 n - a +2 whip of electrocution
   (You took it off Pikel on level 9 of the Dungeon)
 p - a +0 war axe of flaming
   (You took it off an orc on level 4 of the Dungeon)
 N - a +5 broad axe of chopping
   (You subdued it on level 2 of the Elven Halls)
 Y - a +1 demon whip of venom
   (You took it off an infernal demonspawn on level 2 of the Orcish Mines)
Missiles
 b - 6 steel tomahawks
 e - 41 stones
 x - 5 tomahawks of returning (quivered)
 z - 6 javelins
 H - 329 arrows
 R - 11 tomahawks
Armour
 A - a +0 shield
 B - a +0 troll leather armour (worn)
 C - a +2 cloak of poison resistance (worn)
   (You took it off Maurice on level 2 of the Orcish Mines)
 D - a +0 buckler (melded)
 E - a +0 helmet (worn)
 F - a +0 pair of boots
 G - a cursed +0 pair of gloves (melded)
 Z - a scarf of resistance
   (You found it on level 6 of the Dungeon)
Jewellery
 f - an uncursed amulet of magic regeneration
   (You found it on level 11 of the Dungeon)
 k - a +3 ring of protection
   (You found it on level 2 of the Dungeon)
 m - the ring of Bumaror (on amulet) {rCorr rF++ rN+ Dex-4}
   (You bought it in a shop on level 2 of the Orcish Mines)

   [ring of resist corrosion]

   It affects your dexterity (-4).
   It greatly protects you from fire.
   It protects you from negative energy.
 J - the macabre finger necklace (around neck) {rN+}
   (You found it on level 10 of the Dungeon)

   [amulet of nothing]

   It protects you from negative energy.
 U - a +3 ring of protection (left scythe-like blade)
   (You found it on level 2 of the Dungeon)
 W - a ring of wizardry (right scythe-like blade)
   (You took it off a deep elf mage on level 2 of the Elven Halls)
Wands
 i - a wand of iceblast (3)
 L - a wand of acid (1)
 O - a wand of polymorph (13)
 Q - a wand of disintegration (3)
 S - a wand of enslavement (16)
Scrolls
 g - a scroll of fear {unknown}
 r - 9 scrolls of remove curse
 s - 3 scrolls of teleportation
 v - 2 scrolls of immolation
 w - 2 scrolls of fog
 y - a scroll of summoning {unknown}
 M - 4 scrolls of amnesia
 T - a scroll of torment
 X - a scroll of enchant weapon
Potions
 o - 2 potions of agility
 u - 2 potions of brilliance
 K - a potion of mutation {!q}
 P - a potion of lignification
Books
 d - a book of Changes

   Spells                             Type                      Level
   a - Beastly Appendage              Transmutation                1
   b - Sticks to Snakes               Transmutation                2
   c - Spider Form                    Transmutation/Poison         3
   d - Ice Form                       Ice/Transmutation            4
   e - Blade Hands                    Transmutation                5
 l - a book of Minor Magic
   (You found it on level 2 of the Dungeon)

   Spells                             Type                      Level
   a - Magic Dart                     Conjuration                  1
   b - Blink                          Translocation                2
   c - Call Imp                       Summoning                    2
   d - Slow                           Hexes                        2
   e - Conjure Flame                  Conjuration/Fire             3
   f - Mephitic Cloud                 Conjuration/Poison/Air       3
 I - a book of Callings
   (You found it on level 7 of the Dungeon)

   Spells                             Type                      Level
   a - Summon Small Mammal            Summoning                    1
   b - Call Imp                       Summoning                    2
   c - Call Canine Familiar           Summoning                    3
   d - Summon Guardian Golem          Hexes/Summoning              3
   e - Summon Lightning Spire         Summoning/Air                4
   f - Summon Ice Beast               Ice/Summoning                4
 V - a book of Clouds
   (You found it on level 13 of the Dungeon)

   Spells                             Type                      Level
   a - Poisonous Vapours              Poison/Air                   2
   b - Mephitic Cloud                 Conjuration/Poison/Air       3
   c - Conjure Flame                  Conjuration/Fire             3
   d - Freezing Cloud                 Conjuration/Ice/Air          6
   e - Ring of Flames                 Charms/Fire                  7
Comestibles
 c - 21 rations


   Skills:
 + Level 9.5 Fighting
 + Level 9.2 Short Blades
 + Level 9.2 Long Blades
 + Level 9.2 Axes
 + Level 9.2 Maces & Flails
 + Level 9.2 Polearms
 + Level 9.2 Staves
 + Level 9.2 Slings
 + Level 9.2 Bows
 + Level 9.2 Crossbows
 + Level 9.2 Throwing
 + Level 9.2 Armour
 + Level 10.2 Dodging
 + Level 9.2 Stealth
 + Level 9.2 Shields
 + Level 11.1 Unarmed Combat
 + Level 10.4 Spellcasting
 + Level 7.6 Conjurations
 + Level 7.6 Hexes
 + Level 7.6 Charms
 + Level 7.6 Summonings
 + Level 7.6 Necromancy
 + Level 7.6 Translocations
 + Level 8.6 Transmutations
 + Level 7.6 Fire Magic
 + Level 7.6 Ice Magic
 + Level 7.6 Air Magic
 + Level 7.6 Earth Magic
 + Level 7.6 Poison Magic
 + Level 10.0 Invocations
 + Level 9.2 Evocations


You had 4 spell levels left.
You knew the following spells:

 Your Spells              Type           Power        Failure   Level  Hunger
b - Blink                 Tloc           N/A          3%          2    None
c - Conjure Flame         Conj/Fire      ######..     4%          3    None
e - Beastly Appendage     Tmut           ######       2%          1    None
f - Freezing Cloud        Conj/Ice/Air   ######....   32%         6    #####..
h - Blade Hands           Tmut           ######....   10%         5    ###....
k - Sticks to Snakes      Tmut           ######..     3%          2    None
m - Mephitic Cloud        Conj/Pois/Air  ######..     4%          3    None
p - Spider Form           Tmut/Pois      ######....   4%          3    None
L - Summon Lightning Spi  Summ/Air       ######..     7%          4    None


Dungeon Overview and Level Annotations

Branches:
Dungeon (13/15)            Temple (1/1) D:5            Lair (0/6) D:11
    Orc (2/2) D:9             Elf (3/3) Orc:2
 Vaults: D:13-14

Altars:
Ashenzari
Cheibriados
Dithmenos
Elyvilon
Gozag
Hepliaklqana
Makhleb
Uskayaw
Wu Jian
Xom
Yredelemnul
Zin
The Shining One

Shops:
D:7 **   D:10 [   Orc:2 =}(??

Portals:
Pandemonium: Orc:2

Annotations:
D:4 2 exclusions
D:7 Joseph
D:8 sankara's ghost, novice SpEn
Elf:2 exclusion: angel


Innate Abilities, Weirdness & Mutations

Your experience applies equally to all skills.
You have very sharp teeth.
Your uncanny sense of smell can sniff out nearby items.
You are highly resistant to hostile enchantments. (MR++)
Your muscles are strong. (Str +2)


Message History

Okay, then.
Unknown command.
Unknown command.
Press: ? - help, v - describe, . - travel
Here: a servant of whispers, wielding a spear and wearing a robe The floor.
You feel better.
You feel less invigorated. You block the saltling's attack.
The servant of whispers mumbles some strange prayers to its god.
The air becomes perfectly still.
The saltling completely misses you.
A saltling and a peacekeeper come into view.
Press: ? - help, v - describe, . - travel
Here: a ragged hierophant, wielding a long sword and wearing a robe (resting)
The floor.
Press: ? - help, v - describe, . - travel
Here: a servant of whispers, wielding a spear and wearing a robe (stilling the winds)
The floor.
Okay, then.
Unknown command.
Unknown command.
Unknown command.
Casting: Freezing Cloud
Confirm with . or Enter, or press ? or * to list all spells.
Aiming: Summon Lightning Spire
Press: ? - help, Dir - move target cursor, f - saltling
Aim: a saltling
Okay, then.
Unknown command.
Casting: Summon Lightning Spire
Confirm with . or Enter, or press ? or * to list all spells.
Aiming: Summon Lightning Spire
Press: ? - help, Dir - move target cursor An electric hum fills the air.
The servant of whispers hits you but does no damage.
You block the saltling's attack.
Unknown command.
Casting: Summon Lightning Spire
Confirm with . or Enter, or press ? or * to list all spells.
Your hands turn into razor-sharp scythe blades.
The +8 dagger "Fyavoihy" {drain, rN+ MR+ Dex+3} melds into your body.
Your cursed +0 pair of gloves melds into your body.
Your +0 buckler melds into your body.
The saltling completely misses you.
The servant of whispers mumbles some strange prayers to its god against you.
The bolt of lightning misses you.
Unknown command.
You slice the servant of whispers!! You slash the servant of whispers!
The servant of whispers is heavily wounded.
The ragged hierophant shouts!
The peacekeeper roars!
The peacekeeper roars a battlecry!
The saltlings go into a battle-frenzy!
The saltling misses you.
The servant of whispers invokes the aid of its god against you.
The bolt of lightning misses you.
Unknown command.
You barely miss the servant of whispers.
You slash the servant of whispers.
The servant of whispers is severely wounded.
The peacekeeper hurls a volley of spikes at you.
The volley of spikes misses you. The saltling barely misses you.
The servant of whispers mumbles some strange prayers to its god against you.
The bolt of lightning misses you.
A crystal guardian and a servant of whispers come into view.
You slash the servant of whispers! x2
You bite the servant of whispers, but do no damage.
The servant of whispers is almost dead.
The saltling completely misses you. The saltling misses you.
You shred the servant of whispers!!!
The air resumes its normal movements.
You kill the servant of whispers!
Cheibriados thoroughly appreciates the change of pace.
Your Invocations skill increases to level 10!
The peacekeeper hurls a volley of spikes at you.
The volley of spikes hits you!
The barbed spikes become lodged in your body.
* * * LOW HITPOINT WARNING * * *
The ragged hierophant gestures at you while chanting.
A blast of power from the earth and the saltlings strikes you!
* * * LOW HITPOINT WARNING * * *
The saltling completely misses you. The saltling hits you!
* * * LOW HITPOINT WARNING * * *
Your lightning spire shoots out a bolt of lightning at the peacekeeper!
The bolt of electricity hits the peacekeeper.
The peacekeeper resists.
Unknown command.
Okay, then.
Unknown command.
Okay, then.
Unknown command.
Okay, then.
Unknown command.
You can feel time thicken for a moment.
You destroy the saltling!
Cheibriados appreciates the change of pace.
You destroy the saltling!
Cheibriados appreciates the change of pace.
You destroy the saltling!
Cheibriados thoroughly appreciates the change of pace.
You feel somewhat more hungry.
Cheibriados lowers the support of your attributes as your movement quickens.
The peacekeeper bites you!
You die...

...#.#.....
∆#.......... .
##.p8§......
..##....§......
........§§.....
........§8.....
.......8§§.....
.......@§§.....
..##..p.§§.....
.........§.....
.........§.....
...............
................
........##......
.........#......
..................


You could see a ragged hierophant, a servant of whispers, a crystal guardian, a
peacekeeper and a friendly lightning spire.

Vanquished Creatures
  2 angels (Elf:2)
  A stone giant (Orc:1)
  A deep elf annihilator (Elf:2)
  A deep elf death mage (Elf:1)
  A deep elf high priest (Elf:1)
  Erolcha (Orc:2)
  A servant of whispers (Desolation)
  A two-headed ogre (D:11)
  7 dancing weapons
  4 orc high priests (Orc:2)
  3 deep elf knights (Elf:1)
  A sun demon (Orc:2)
  A small abomination (Elf:1)
  2 unseen horrors (D:12)
  An infernal demonspawn (Orc:2)
  Pikel (D:9)
  3 deep elf archers
  14 deep elf magi
  3 orc knights
  An orc sorcerer (Orc:2)
  A rust devil (Orc:2)
  Maurice (Orc:2)
  A centaur zombie (D:10)
  A kobold demonologist (D:11)
  A red devil (Orc:2)
  8 saltlings (Desolation)
  5 trolls
  5 slime creatures (D:12)
  3 hippogriffs
  A shadow (D:12)
  A spriggan (shapeshifter) (Elf:1)
  14 yaks
  3 fire elementals
  2 hungry ghosts (D:8)
  3 hell hounds (Orc:2)
  4 ice beasts
  4 phantoms
  2 sky beasts
  16 orc warriors
  A slave (D:9)
  An eye of draining (shapeshifter) (Elf:1)
  2 necrophages
  A hornet zombie (D:12)
  7 ogres
  7 centaurs
  A crocodile (D:9)
  3 bullfrogs
  A gnoll sergeant (D:10)
  A water moccasin zombie (Ossuary)
  2 scorpions
  13 killer bees
  6 wights
  A howler monkey (D:12)
  2 crimson imps
  3 bullfrog zombies
  2 jellies
  12 orc priests
  2 hounds
  13 orc wizards
  3 iguanas
  3 worker ants
  Natasha (D:2)
  2 killer bee zombies (Ossuary)
  2 hound zombies
  11 mummies (Ossuary)
  2 worker ant zombies
  8 gnolls
  8 adders
  3 adder zombies (Ossuary)
  4 leopard geckos
  38 orcs
  2 giant cockroaches
  2 goblins
  2 hobgoblins (D:2)
  3 jackals (D:2)
  4 quokkas
  A ball python (D:4)
  4 bats (D:2)
  2 giant cockroach zombies (Ossuary)
  A jackal skeleton (D:4)
  2 kobolds
  3 rats
318 creatures vanquished.

Vanquished Creatures (collateral kills)
  A stone giant (Orc:1)
  Fannar (D:11)
  A two-headed ogre (D:10)
  5 orc high priests (Orc:2)
  2 deep elf knights (Elf:2)
  2 deep elf archers (Elf:2)
  3 orc knights
  An orc sorcerer (Orc:2)
  7 deep elf magi
  A komodo dragon (shapeshifter) (Elf:2)
  An ice devil (Orc:2)
  A queen bee (D:10)
  A slime creature (D:12)
  4 yaks
  A wraith (D:12)
  A chaos spawn (Orc:2)
  A hell hound (Orc:2)
  9 orc warriors
  A centaur (D:12)
  2 ogres
  16 killer bees
  6 wights
  A crimson imp (D:12)
  6 orc wizards
  9 orc priests
  4 gnolls
  An adder (D:2)
  23 orcs
  A giant cockroach (D:4)
  4 jackals (D:10)
  A crawling corpse (Elf:1)
118 creatures vanquished.

Vanquished Creatures (others)
  A ragged hierophant (Desolation)
  An orc warrior (Orc:2)
  A yak (D:12)
  3 killer bees (D:10)
  A bullfrog skeleton (D:9)
  A hound (D:10)
  An orc (D:9)
  A withered plant (Ossuary)
10 creatures vanquished.

Grand Total: 446 creatures vanquished

Notes
Turn   | Place    | Note
-------+----------+-------------------------------------------
     0 | D:1      | tidbits the Gnoll Transmuter began the quest for the Orb.
     0 | D:1      | Reached XP level 1. HP: 17/17 MP: 6/6
    98 | D:2      | Reached XP level 2. HP: 14/23 MP: 5/7
   155 | D:2      | Learned a level 2 spell: Sticks to Snakes
   173 | D:2      | Reached XP level 3. HP: 15/28 MP: 6/9
   180 | D:2      | Reached skill level 5 in Spellcasting
   194 | D:2      | Learned a level 3 spell: Spider Form
   250 | D:2      | Reached skill level 1 in Invocations
   303 | D:2      | Noticed Natasha
   318 | D:2      | Killed Natasha
   318 | D:2      | Reached skill level 1 in Short Blades
   318 | D:2      | Reached skill level 1 in Long Blades
   318 | D:2      | Reached skill level 1 in Axes
   318 | D:2      | Reached skill level 1 in Maces & Flails
   318 | D:2      | Reached skill level 1 in Polearms
   318 | D:2      | Reached skill level 1 in Staves
   318 | D:2      | Reached skill level 1 in Slings
   318 | D:2      | Reached skill level 1 in Bows
   318 | D:2      | Reached skill level 1 in Crossbows
   318 | D:2      | Reached skill level 1 in Throwing
   318 | D:2      | Reached skill level 1 in Armour
   318 | D:2      | Reached skill level 1 in Stealth
   318 | D:2      | Reached skill level 1 in Shields
   318 | D:2      | Reached skill level 1 in Evocations
   318 | D:2      | Reached XP level 4. HP: 26/34 MP: 3/11
   395 | D:5      | Entered Level 5 of the Dungeon
   483 | D:4      | Reached skill level 1 in Conjurations
   483 | D:4      | Reached skill level 1 in Hexes
   483 | D:4      | Reached skill level 1 in Charms
   483 | D:4      | Reached skill level 1 in Summonings
   483 | D:4      | Reached skill level 1 in Necromancy
   483 | D:4      | Reached skill level 1 in Translocations
   483 | D:4      | Reached skill level 1 in Fire Magic
   483 | D:4      | Reached skill level 1 in Ice Magic
   483 | D:4      | Reached skill level 1 in Air Magic
   483 | D:4      | Reached skill level 1 in Earth Magic
   483 | D:4      | Reached skill level 1 in Poison Magic
   501 | D:4      | Reached XP level 5. HP: 39/40 MP: 3/12
   518 | D:4      | Noticed a phantom
   519 | D:4      | Noticed an ogre
   539 | D:4      | Killed a phantom
   539 | D:4      | Reached skill level 3 in Fighting
   539 | D:4      | Reached skill level 4 in Transmutations
   548 | D:4      | Killed an ogre
   548 | D:4      | Reached skill level 2 in Invocations
   548 | D:4      | Reached XP level 6. HP: 45/47 MP: 4/14
   624 | D:4      | Reached skill level 5 in Dodging
   696 | D:4      | Reached skill level 2 in Short Blades
   696 | D:4      | Reached skill level 2 in Long Blades
   696 | D:4      | Reached skill level 2 in Axes
   696 | D:4      | Reached skill level 2 in Maces & Flails
   696 | D:4      | Reached skill level 2 in Polearms
   696 | D:4      | Reached skill level 2 in Staves
   696 | D:4      | Reached skill level 2 in Slings
   696 | D:4      | Reached skill level 2 in Bows
   696 | D:4      | Reached skill level 2 in Crossbows
   696 | D:4      | Reached skill level 2 in Throwing
   696 | D:4      | Reached skill level 2 in Armour
   696 | D:4      | Reached skill level 2 in Stealth
   696 | D:4      | Reached skill level 2 in Shields
   696 | D:4      | Reached skill level 2 in Evocations
   718 | D:4      | Found a sand-covered staircase.
   723 | Ossuary  | Entered an ossuary
   743 | Ossuary  | Reached XP level 7. HP: 51/52 MP: 6/15
   830 | Ossuary  | Reached skill level 7 in Unarmed Combat
   849 | Ossuary  | Reached skill level 2 in Conjurations
   849 | Ossuary  | Reached skill level 2 in Hexes
   849 | Ossuary  | Reached skill level 2 in Charms
   849 | Ossuary  | Reached skill level 2 in Summonings
   849 | Ossuary  | Reached skill level 2 in Necromancy
   849 | Ossuary  | Reached skill level 2 in Translocations
   849 | Ossuary  | Reached skill level 2 in Fire Magic
   849 | Ossuary  | Reached skill level 2 in Ice Magic
   849 | Ossuary  | Reached skill level 2 in Air Magic
   849 | Ossuary  | Reached skill level 2 in Earth Magic
   849 | Ossuary  | Reached skill level 2 in Poison Magic
   944 | Ossuary  | Reached skill level 3 in Invocations
  1003 | D:4      | Gained mutation: You are resistant to hostile enchantments. (MR+) [potion of mutation]
  1003 | D:4      | Gained mutation: You are highly resistant to hostile enchantments. (MR++) [potion of mutation]
  1003 | D:4      | Gained mutation: Your muscles are strong. (Str +2) [potion of mutation]
  1104 | D:5      | Found a staircase to the Ecumenical Temple.
  1113 | Temple   | Entered the Ecumenical Temple
  1118 | Temple   | Became a worshipper of Cheibriados the Contemplative
  1130 | D:5      | Reached XP level 8. HP: 59/60 MP: 13/16
  1200 | D:5      | Reached skill level 4 in Fighting
  1200 | D:5      | Reached skill level 3 in Short Blades
  1200 | D:5      | Reached skill level 3 in Long Blades
  1200 | D:5      | Reached skill level 3 in Axes
  1200 | D:5      | Reached skill level 3 in Maces & Flails
  1200 | D:5      | Reached skill level 3 in Polearms
  1200 | D:5      | Reached skill level 3 in Staves
  1200 | D:5      | Reached skill level 3 in Slings
  1200 | D:5      | Reached skill level 3 in Bows
  1200 | D:5      | Reached skill level 3 in Crossbows
  1200 | D:5      | Reached skill level 3 in Throwing
  1200 | D:5      | Reached skill level 3 in Armour
  1200 | D:5      | Reached skill level 3 in Stealth
  1200 | D:5      | Reached skill level 3 in Shields
  1200 | D:5      | Reached skill level 3 in Evocations
  1244 | D:5      | Learned a level 2 spell: Blink
  1248 | D:5      | Learned a level 3 spell: Conjure Flame
  1261 | D:6      | Got a blackened dagger
  1262 | D:6      | Identified the +8 dagger "Fyavoihy" {drain, rN+ MR+ Dex+3} (You found it on level 6 of the Dungeon)
  1387 | D:6      | Reached skill level 6 in Spellcasting
  1425 | D:7      | Found Vima's Assorted Antiques.
  1461 | D:7      | Bought a scroll labeled LATOAW UKETYS for 26 gold pieces
  1461 | D:7      | Bought a runed bone wand for 104 gold pieces
  1463 | D:7      | Found an opulent altar of Gozag.
  1463 | D:7      | Found Gozag's Platinum Reserve.
  1463 | D:7      | Noticed Joseph
  1475 | D:7      | Learned a level 4 spell: Summon Lightning Spire
  1529 | D:7      | Reached * piety under Cheibriados
  1586 | D:7      | Reached skill level 4 in Invocations
  1595 | D:7      | Reached skill level 3 in Conjurations
  1595 | D:7      | Reached skill level 3 in Hexes
  1595 | D:7      | Reached skill level 3 in Charms
  1595 | D:7      | Reached skill level 3 in Summonings
  1595 | D:7      | Reached skill level 3 in Necromancy
  1595 | D:7      | Reached skill level 3 in Translocations
  1595 | D:7      | Reached skill level 3 in Fire Magic
  1595 | D:7      | Reached skill level 3 in Ice Magic
  1595 | D:7      | Reached skill level 3 in Air Magic
  1595 | D:7      | Reached skill level 3 in Earth Magic
  1595 | D:7      | Reached skill level 3 in Poison Magic
  1595 | D:7      | Reached XP level 9. HP: 45/66 MP: 14/18
  1598 | D:7      | Reached skill level 6 in Dodging
  1598 | D:7      | Reached skill level 5 in Transmutations
  1722 | D:7      | Reached skill level 4 in Short Blades
  1722 | D:7      | Reached skill level 4 in Long Blades
  1722 | D:7      | Reached skill level 4 in Axes
  1722 | D:7      | Reached skill level 4 in Maces & Flails
  1722 | D:7      | Reached skill level 4 in Polearms
  1722 | D:7      | Reached skill level 4 in Staves
  1722 | D:7      | Reached skill level 4 in Slings
  1722 | D:7      | Reached skill level 4 in Bows
  1722 | D:7      | Reached skill level 4 in Crossbows
  1722 | D:7      | Reached skill level 4 in Throwing
  1722 | D:7      | Reached skill level 4 in Armour
  1722 | D:7      | Reached skill level 4 in Stealth
  1722 | D:7      | Reached skill level 4 in Shields
  1722 | D:7      | Reached skill level 4 in Evocations
  1795 | D:9      | Found a hide-covered altar of Uskayaw.
  1840 | D:10     | Entered Level 10 of the Dungeon
  1846 | D:10     | Found the macabre finger necklace {rN+}
  1869 | D:10     | Found Yxacri's Armour Shoppe.
  1942 | D:10     | Reached skill level 5 in Fighting
  1984 | D:10     | Reached ** piety under Cheibriados
  1992 | D:10     | Noticed a troll
  2005 | D:10     | Killed a troll
  2059 | D:10     | Reached skill level 8 in Unarmed Combat
  2124 | D:10     | Reached skill level 5 in Invocations
  2222 | D:8      | Noticed sankara's ghost (novice SpEn)
  2242 | D:8      | Reached skill level 7 in Spellcasting
  2242 | D:8      | Reached XP level 10. HP: 43/74 MP: 11/20
  2256 | D:8      | Reached skill level 4 in Conjurations
  2256 | D:8      | Reached skill level 4 in Hexes
  2256 | D:8      | Reached skill level 4 in Charms
  2256 | D:8      | Reached skill level 4 in Summonings
  2256 | D:8      | Reached skill level 4 in Necromancy
  2256 | D:8      | Reached skill level 4 in Translocations
  2256 | D:8      | Reached skill level 4 in Fire Magic
  2256 | D:8      | Reached skill level 4 in Ice Magic
  2256 | D:8      | Reached skill level 4 in Air Magic
  2256 | D:8      | Reached skill level 4 in Earth Magic
  2256 | D:8      | Reached skill level 4 in Poison Magic
  2365 | D:8      | Reached *** piety under Cheibriados
  2388 | D:8      | Reached skill level 5 in Short Blades
  2388 | D:8      | Reached skill level 5 in Long Blades
  2388 | D:8      | Reached skill level 5 in Axes
  2388 | D:8      | Reached skill level 5 in Maces & Flails
  2388 | D:8      | Reached skill level 5 in Polearms
  2388 | D:8      | Reached skill level 5 in Staves
  2388 | D:8      | Reached skill level 5 in Slings
  2388 | D:8      | Reached skill level 5 in Bows
  2388 | D:8      | Reached skill level 5 in Crossbows
  2388 | D:8      | Reached skill level 5 in Throwing
  2388 | D:8      | Reached skill level 5 in Armour
  2388 | D:8      | Reached skill level 5 in Stealth
  2388 | D:8      | Reached skill level 5 in Shields
  2388 | D:8      | Reached skill level 5 in Evocations
  2431 | D:9      | Noticed Pikel
  2439 | D:9      | Killed Pikel
  2446 | D:9      | Learned a level 5 spell: Blade Hands
  2563 | D:10     | Learned a level 3 spell: Mephitic Cloud
  2568 | D:10     | Reached skill level 7 in Dodging
  2580 | D:10     | Reached **** piety under Cheibriados
  2583 | D:10     | Reached skill level 6 in Fighting
  2633 | D:10     | Noticed a two-headed ogre
  2641 | D:10     | Killed a two-headed ogre
  2641 | D:10     | Reached skill level 6 in Transmutations
  2641 | D:10     | Reached skill level 6 in Invocations
  2802 | D:12     | Reached XP level 11. HP: 59/81 MP: 17/22
  2827 | D:12     | Reached ***** piety under Cheibriados
  2899 | D:12     | Reached skill level 9 in Unarmed Combat
  2900 | D:12     | Reached skill level 6 in Short Blades
  2900 | D:12     | Reached skill level 6 in Long Blades
  2900 | D:12     | Reached skill level 6 in Axes
  2900 | D:12     | Reached skill level 6 in Maces & Flails
  2900 | D:12     | Reached skill level 6 in Polearms
  2900 | D:12     | Reached skill level 6 in Staves
  2900 | D:12     | Reached skill level 6 in Slings
  2900 | D:12     | Reached skill level 6 in Bows
  2900 | D:12     | Reached skill level 6 in Crossbows
  2900 | D:12     | Reached skill level 6 in Throwing
  2900 | D:12     | Reached skill level 6 in Armour
  2900 | D:12     | Reached skill level 6 in Stealth
  2900 | D:12     | Reached skill level 6 in Shields
  2900 | D:12     | Reached skill level 6 in Evocations
  2993 | D:11     | Noticed Fannar
  3026 | D:11     | Found a staircase to the Lair.
  3036 | D:11     | Noticed a two-headed ogre
  3040 | D:11     | Killed a two-headed ogre
  3040 | D:11     | Reached skill level 8 in Spellcasting
  3040 | D:11     | Reached skill level 5 in Conjurations
  3040 | D:11     | Reached skill level 5 in Hexes
  3040 | D:11     | Reached skill level 5 in Charms
  3040 | D:11     | Reached skill level 5 in Summonings
  3040 | D:11     | Reached skill level 5 in Necromancy
  3040 | D:11     | Reached skill level 5 in Translocations
  3040 | D:11     | Reached skill level 5 in Fire Magic
  3040 | D:11     | Reached skill level 5 in Ice Magic
  3040 | D:11     | Reached skill level 5 in Air Magic
  3040 | D:11     | Reached skill level 5 in Earth Magic
  3040 | D:11     | Reached skill level 5 in Poison Magic
  3162 | D:13     | Noticed a two-headed ogre
  3204 | D:12     | Killed an unseen horror
  3298 | D:12     | Reached skill level 7 in Invocations
  3312 | D:12     | Reached skill level 7 in Fighting
  3312 | D:12     | Reached skill level 8 in Dodging
  3369 | D:12     | Killed an unseen horror
  3403 | D:13     | Noticed a deep elf mage
  3406 | D:13     | Killed a deep elf mage
  3583 | D:11     | Reached XP level 12. HP: 91/91 MP: 15/24
  3694 | D:11     | Killed Fannar
  3791 | D:10     | Reached skill level 7 in Transmutations
  3870 | D:9      | Found a staircase to the Orcish Mines.
  3883 | Orc:1    | Entered Level 1 of the Orcish Mines
  3939 | Orc:1    | Noticed a stone giant
  3961 | Orc:1    | Killed a stone giant
  3961 | Orc:1    | Reached skill level 7 in Short Blades
  3961 | Orc:1    | Reached skill level 7 in Long Blades
  3961 | Orc:1    | Reached skill level 7 in Axes
  3961 | Orc:1    | Reached skill level 7 in Maces & Flails
  3961 | Orc:1    | Reached skill level 7 in Polearms
  3961 | Orc:1    | Reached skill level 7 in Staves
  3961 | Orc:1    | Reached skill level 7 in Slings
  3961 | Orc:1    | Reached skill level 7 in Bows
  3961 | Orc:1    | Reached skill level 7 in Crossbows
  3961 | Orc:1    | Reached skill level 7 in Throwing
  3961 | Orc:1    | Reached skill level 7 in Armour
  3961 | Orc:1    | Reached skill level 7 in Stealth
  3961 | Orc:1    | Reached skill level 7 in Shields
  3961 | Orc:1    | Reached skill level 7 in Evocations
  4025 | Orc:1    | Noticed a stone giant
  4044 | Orc:1    | Killed a stone giant
  4127 | Orc:2    | Entered Level 2 of the Orcish Mines
  4141 | Orc:2    | Reached skill level 6 in Conjurations
  4141 | Orc:2    | Reached skill level 6 in Hexes
  4141 | Orc:2    | Reached skill level 6 in Charms
  4141 | Orc:2    | Reached skill level 6 in Summonings
  4141 | Orc:2    | Reached skill level 6 in Necromancy
  4141 | Orc:2    | Reached skill level 6 in Translocations
  4141 | Orc:2    | Reached skill level 6 in Fire Magic
  4141 | Orc:2    | Reached skill level 6 in Ice Magic
  4141 | Orc:2    | Reached skill level 6 in Air Magic
  4141 | Orc:2    | Reached skill level 6 in Earth Magic
  4141 | Orc:2    | Reached skill level 6 in Poison Magic
  4169 | Orc:2    | Found Wamupryi's Jewellery Shoppe.
  4180 | Orc:2    | Noticed Maurice
  4184 | Orc:2    | Killed Maurice
  4223 | Orc:2    | Bought the ring of Bumaror {rCorr rF++ rN+ Dex-4} for 604 gold pieces
  4250 | Orc:2    | Reached skill level 8 in Invocations
  4275 | Orc:2    | Found Ibbeg's Magic Scroll Emporium.
  4282 | Orc:2    | Reached skill level 9 in Spellcasting
  4303 | Orc:2    | Found Xyguol's Magic Scroll Shoppe.
  4395 | Orc:2    | Bought a scroll of blinking for 105 gold pieces
  4395 | Orc:2    | Bought a scroll of magic mapping for 49 gold pieces
  4395 | Orc:2    | Bought a scroll of fog for 28 gold pieces
  4409 | Orc:2    | Reached ****** piety under Cheibriados
  4411 | Orc:2    | Noticed an orc high priest
  4418 | Orc:2    | Killed an orc high priest
  4418 | Orc:2    | Reached skill level 8 in Fighting
  4418 | Orc:2    | Reached skill level 10 in Unarmed Combat
  4479 | Orc:2    | Reached skill level 9 in Dodging
  4482 | Orc:2    | Noticed an orc high priest
  4489 | Orc:2    | Killed an orc high priest
  4495 | Orc:2    | Noticed an orc high priest
  4500 | Orc:2    | Killed an orc high priest
  4500 | Orc:2    | Reached XP level 13. HP: 98/98 MP: 21/26
  4517 | Orc:2    | Noticed Erolcha
  4530 | Orc:2    | Killed Erolcha
  4588 | Orc:2    | Reached skill level 8 in Short Blades
  4588 | Orc:2    | Reached skill level 8 in Long Blades
  4588 | Orc:2    | Reached skill level 8 in Axes
  4588 | Orc:2    | Reached skill level 8 in Maces & Flails
  4588 | Orc:2    | Reached skill level 8 in Polearms
  4588 | Orc:2    | Reached skill level 8 in Staves
  4588 | Orc:2    | Reached skill level 8 in Slings
  4588 | Orc:2    | Reached skill level 8 in Bows
  4588 | Orc:2    | Reached skill level 8 in Crossbows
  4588 | Orc:2    | Reached skill level 8 in Throwing
  4588 | Orc:2    | Reached skill level 8 in Armour
  4588 | Orc:2    | Reached skill level 8 in Stealth
  4588 | Orc:2    | Reached skill level 8 in Shields
  4588 | Orc:2    | Reached skill level 8 in Evocations
  4618 | Orc:2    | Found Atipus's Antique Weapon Shop.
  4618 | Orc:2    | Found a one-way gate leading to the halls of Pandemonium.
  4618 | Orc:2    | Found Haabb's Gadget Boutique.
  4663 | Orc:2    | Bought a scroll of identify for 28 gold pieces
  4666 | Orc:2    | Bought a scroll of identify for 28 gold pieces
  4666 | Orc:2    | Bought a scroll of identify for 28 gold pieces
  4744 | Orc:2    | Found a staircase to the Elven Halls.
  4753 | Elf:1    | Entered Level 1 of the Elven Halls
  4844 | Elf:1    | Noticed a deep elf high priest
  4849 | Elf:1    | Reached skill level 9 in Invocations
  4851 | Elf:1    | Killed a deep elf high priest
  4927 | Elf:1    | Reached skill level 8 in Transmutations
  4988 | Elf:1    | Noticed a deep elf death mage
  4990 | Elf:1    | Reached skill level 7 in Conjurations
  4990 | Elf:1    | Reached skill level 7 in Hexes
  4990 | Elf:1    | Reached skill level 7 in Charms
  4990 | Elf:1    | Reached skill level 7 in Summonings
  4990 | Elf:1    | Reached skill level 7 in Necromancy
  4990 | Elf:1    | Reached skill level 7 in Translocations
  4990 | Elf:1    | Reached skill level 7 in Fire Magic
  4990 | Elf:1    | Reached skill level 7 in Ice Magic
  4990 | Elf:1    | Reached skill level 7 in Air Magic
  4990 | Elf:1    | Reached skill level 7 in Earth Magic
  4990 | Elf:1    | Reached skill level 7 in Poison Magic
  4992 | Elf:1    | Killed a deep elf death mage
  4997 | Elf:1    | Killed a ghostly deep elf death mage
  5029 | Elf:2    | Reached skill level 9 in Fighting
  5045 | Elf:2    | Reached skill level 10 in Spellcasting
  5054 | Elf:2    | Reached XP level 14. HP: 67/108 MP: 14/28
  5082 | Elf:2    | Noticed a deep elf annihilator
  5088 | Elf:2    | Killed a deep elf annihilator
  5161 | Elf:3    | Entered Level 3 of the Elven Halls
  5169 | Elf:2    | Reached skill level 10 in Dodging
  5227 | Elf:3    | Reached skill level 11 in Unarmed Combat
  5239 | Elf:3    | Reached skill level 9 in Short Blades
  5239 | Elf:3    | Reached skill level 9 in Long Blades
  5239 | Elf:3    | Reached skill level 9 in Axes
  5239 | Elf:3    | Reached skill level 9 in Maces & Flails
  5239 | Elf:3    | Reached skill level 9 in Polearms
  5239 | Elf:3    | Reached skill level 9 in Staves
  5239 | Elf:3    | Reached skill level 9 in Slings
  5239 | Elf:3    | Reached skill level 9 in Bows
  5239 | Elf:3    | Reached skill level 9 in Crossbows
  5239 | Elf:3    | Reached skill level 9 in Throwing
  5239 | Elf:3    | Reached skill level 9 in Armour
  5239 | Elf:3    | Reached skill level 9 in Stealth
  5239 | Elf:3    | Reached skill level 9 in Shields
  5239 | Elf:3    | Reached skill level 9 in Evocations
  5299 | Elf:2    | Found a glowing silver altar of Zin.
  5299 | Elf:2    | Found a white marble altar of Elyvilon.
  5299 | Elf:2    | Noticed an angel
  5351 | Elf:2    | Found a glowing golden altar of the Shining One.
  5377 | Elf:2    | Found a ruined gateway.
  5377 | Elf:2    | Noticed an angel
  5447 | Elf:2    | Killed an angel
  5449 | Elf:2    | Killed an angel
  5452 | Desolati | Entered the Desolation of Salt
  5463 | Desolati | Learned a level 6 spell: Freezing Cloud
  5512 | Desolati | HP: 8/108 [servant of whispers/bolt of lightning (33)]
  5513 | Desolati | Noticed an imperial myrmidon
  5516 | Desolati | Noticed an imperial myrmidon
  5521 | Desolati | Noticed a halazid warlock
  5531 | Desolati | Reached skill level 10 in Invocations
  5531 | Desolati | HP: 9/108 [saltling (8)]
  5532 | Desolati | Slain by a peacekeeper

Skill      XL: |  1  2  3  4  5  6  7  8  9 10 11 12 13 14 |
---------------+-------------------------------------------+-----
Spellcasting   | 5 6 7 8 9 10 | 10.4
Invocations    | 1 2 3 4 5 6 7 8 9 10 | 10.0
Short Blades   | 1 2 3 4 5 6 7 8 9 |  9.2
Long Blades    | 1 2 3 4 5 6 7 8 9 |  9.2
Axes           | 1 2 3 4 5 6 7 8 9 |  9.2
Maces & Flails | 1 2 3 4 5 6 7 8 9 |  9.2
Polearms       | 1 2 3 4 5 6 7 8 9 |  9.2
Staves         | 1 2 3 4 5 6 7 8 9 |  9.2
Slings         | 1 2 3 4 5 6 7 8 9 |  9.2
Bows           | 1 2 3 4 5 6 7 8 9 |  9.2
Crossbows      | 1 2 3 4 5 6 7 8 9 |  9.2
Throwing       | 1 2 3 4 5 6 7 8 9 |  9.2
Armour         | 1 2 3 4 5 6 7 8 9 |  9.2
Stealth        | 1 2 3 4 5 6 7 8 9 |  9.2
Shields        | 1 2 3 4 5 6 7 8 9 |  9.2
Evocations     | 1 2 3 4 5 6 7 8 9 |  9.2
Conjurations   | 1 2 3 4 5 6 7 |  7.6
Hexes          | 1 2 3 4 5 6 7 |  7.6
Charms         | 1 2 3 4 5 6 7 |  7.6
Summonings     | 1 2 3 4 5 6 7 |  7.6
Necromancy     | 1 2 3 4 5 6 7 |  7.6
Translocations | 1 2 3 4 5 6 7 |  7.6
Fire Magic     | 1 2 3 4 5 6 7 |  7.6
Ice Magic      | 1 2 3 4 5 6 7 |  7.6
Air Magic      | 1 2 3 4 5 6 7 |  7.6
Earth Magic    | 1 2 3 4 5 6 7 |  7.6
Poison Magic   | 1 2 3 4 5 6 7 |  7.6
Fighting       | 3 4 5 6 7 8 9 |  9.5
Transmutations | 4 5 6 7 8 |  8.6
Dodging        | 5 6 7 8 9 10 | 10.2
Unarmed Combat | 7 8 9 10 11 | 11.1

Action                   |  1- 3 |  4- 6 |  7- 9 | 10-12 | 13-15 || total
-------------------------+-------+-------+-------+-------+-------++-------
Melee: Unarmed           |    57 |    71 |   242 |    96 |    56 ||   522
       Kick              |    10 |       |     3 |       |    12 ||    25
       Bite              |     3 |     2 |     7 |    45 |    23 ||    80
       Dagger            |       |       |    43 |   169 |    60 ||   272
       Headbutt          |       |       |     4 |       |       ||     4
       Punch             |       |       |       |     1 |     7 ||     8
Throw: Stone             |     1 |       |       |    14 |       ||    15
       Javelin           |       |     2 |       |    19 |       ||    21
       Tomahawk          |       |       |       |    72 |    38 ||   110
 Cast: Beastly Appendage |     7 |       |     5 |       |     4 ||    16
       Sticks to Snakes  |     4 |     3 |     2 |     4 |     1 ||    14
       Spider Form       |     1 |     9 |    22 |     3 |       ||    35
       Blink             |       |       |     3 |     1 |       ||     4
       Summon Lightning  |       |       |     2 |    40 |    21 ||    63
       Mephitic Cloud    |       |       |       |     7 |     2 ||     9
       Conjure Flame     |       |       |       |     1 |       ||     1
       Blade Hands       |       |       |       |    18 |    11 ||    29
       Freezing Cloud    |       |       |       |       |     2 ||     2
Invok: Slouch            |       |       |       |     3 |     9 ||    12
 Abil: End Transformatio |       |     1 |     2 |     5 |     4 ||    12
Evoke: Wand              |       |       |     7 |    36 |    15 ||    58
  Use: Potion            |     1 |       |     6 |     1 |     7 ||    15
       Scroll            |       |     4 |     6 |     7 |    11 ||    28
 Stab: Sleeping          |       |       |     9 |     7 |     4 ||    20
       Distracted        |       |       |     3 |    10 |     2 ||    15
       Betrayed ally     |       |       |     1 |       |       ||     1
       Confused          |       |       |       |     2 |     1 ||     3
  Eat: Chunk             |       |       |     5 |     2 |     1 ||     8
       Ration            |       |       |       |     2 |     1 ||     3
Armor: Robe              |    12 |       |     6 |     7 |       ||    25
       Skin              |       |     6 |    20 |     6 |       ||    32
       Troll leather arm |       |       |       |    32 |    30 ||    62
Dodge: Dodged            |    37 |    44 |   253 |   189 |   115 ||   638
Block: Buckler           |       |       |     7 |    51 |    24 ||    82

Table legend:
 A = Turns spent in this place as a percentage of turns spent in the entire game.
 B = Non-inter-level travel turns spent in this place as a percentage of non-inter-level travel turns spent in the entire game.
 C = Inter-level travel turns spent in this place as a percentage of turns spent in this place.
 D = Turns resting spent in this place as a percentage of non-inter-level travel turns spent in this place.
 E = Turns spent auto-exploring this place as a percentage of non-inter-level travel turns spent in this place.
 F = Non-inter-level travel turns spent in this place divided by the number of levels of this place that you've seen.
                   A       B       C       D       E      F
               +-------+-------+-------+-------+-------+----------------------
         Total | 100.0 | 100.0 |   0.8 |   0.0 |   0.0 | 261.2
       Dungeon |  65.0 |  65.3 |   0.4 |   0.0 |   0.0 | 275.4
        Temple |   0.2 |   0.2 |   0.0 |   0.0 |   0.0 |  12.0
  Orcish Mines |  15.7 |  15.3 |   3.4 |   0.0 |   0.0 | 420.0
   Elven Halls |  12.6 |  12.7 |   0.0 |   0.0 |   0.0 | 233.0
       Ossuary |   5.0 |   5.0 |   0.0 |   0.0 |   0.0 | 275.0
    Desolation |   1.4 |   1.5 |   0.0 |   0.0 |   0.0 |  80.0
               +-------+-------+-------+-------+-------+----------------------

Table legend:
 A = Kills in this place as a percentage of kills in entire the game.
 B = Kills by you in this place as a percentage of kills by you in the entire game.
 C = Kills by friends in this place as a percentage of kills by friends in the entire game.
 D = Other kills in this place as a percentage of other kills in the entire game.
 E = Experience gained in this place as a percentage of experience gained in the entire game.
 F = Experience gained in this place divided by the number of levels of this place that you have seen.
                   A       B       C       D       E      F
               +-------+-------+-------+-------+-------+----------------------
         Total | 100.0 | 100.0 | 100.0 | 100.0 | 100.0 | 3470.2
       Dungeon |  57.4 |  60.1 |  49.6 |  75.0 |  27.8 | 1558.6
  Orcish Mines |  24.0 |  18.4 |  40.2 |   0.0 |  26.6 | 9704.5
   Elven Halls |  11.0 |  11.4 |  10.3 |   0.0 |  40.0 | 9721.7
       Ossuary |   5.3 |   7.3 |   0.0 |   0.0 |   0.8 | 560.0
    Desolation |   2.3 |   2.8 |   0.0 |  25.0 |   4.8 | 3479.0
               +-------+-------+-------+-------+-------+----------------------

Vault maps used:
D:1:      erik_arrival_gehennom, minmay_stone_trees_small
D:2:      kennysheep_decorative_pillar, uniq_natasha
D:4:      enter_ossuary_5, uniq_ijyb
D:5:      minmay_temple_entry_grid, first_ration, serial_column_ruins,
          column_ruins_square_large, column_ruins_grid_3, column_ruins_grid_3,
          column_ruins_open_tiny, column_ruins_grid_3, column_ruins_open_large,
          column_ruins_open_medium
D:7:      serial_shops, shop, the_bakery, nicolae_gozag_zags_fifth_avenue,
          uniq_joseph
D:8:      hangedman_incinerator
D:9:      old_standard_altar, orc_0_dummy, serial_shops, shop, uniq_pikel
D:10:     serial_shops, nicolae_shop_waterfront
D:11:     dpeg_oklobed_lair, uniq_fannar
D:12:     serial_shops, nicolae_shop_competitors_out_of_business, spider_trap
D:13:     uniq_snorg
Temple:   compressed_dpeg_triangle_lava_temple
Orc:2:    pf_orc_diabolical, serial_shops, shop, uniq_maurice, uniq_erolcha,
          uniq_azrael
Elf:1:    kennysheep_underground_church
Elf:2:    portal_desolation_entry_holy_temple
Elf:3:    minmay_elf_hall_statues, serial_shops, nicolae_shop_waterfront,
          minivault_16
Ossuary:  ossuary_zaba_flooded
